 Dungeon Sprint DCSS version 0.30.0-29-ga12c61a403 (webtiles) character file.

Game seed: 3318148939280934365

7300000 Revguard the Intangible (level 27, -28/228 HPs)
             Began as a Djinni Warper on June 19, 2023.
             Was the Champion of Makhleb.
             Annihilated by The Servant
             ... wielding a +9 glaive of flaming
              (145 damage)
             ... in the Dungeon (Sprint VIII: "Arena of Blood").
             The game lasted 00:10:31 (73 turns).

Revguard the Intangible (Djinni Warper)               Turns: 73, Time: 00:10:32

Health: -28/228    AC:  6    Str: 10    XL:     27
Gold:   0          EV: 34    Int: 19    God:    Makhleb [******] SH:  0 Dex: 23

rFire   + + .        i - +∞ Axe of Woe
rCold   x . .        (shield currently unavailable)
rNeg    . . .        b - +0 leather armour
rPois   ∞            (no helmet)
rElec   .            (no cloak)
rCorr   .            (no gloves)
SInv    .            (boots unavailable)
Will    ++...        (no amulet)
Stlth   ++++++++++   (no ring)
HPRegen 0.58/turn    (no ring)
MPRegen 0.00/turn

%: no teleportation, infuse magic (-29 HP)
@: flying
A: sickness immunity, fire resistance 2, cold vulnerability 1, float, innate
caster, HP casting, extra vitality 1
a: Renounce Religion, Minor Destruction, Lesser Servant of Makhleb, Major
Destruction, Greater Servant of Makhleb


You were in the Dungeon.
You worshipped Makhleb.
Makhleb was exalted by your worship.
You visited 1 branch

Inventory:

Hand Weapons
 a - a +0 hand axe
 i - the +∞ Axe of Woe (weapon)
   (You found it in the Dungeon)
Missiles
 d - 7 boomerangs of dispersal
Armour
 b - a +0 leather armour (worn)
Scrolls
 c - 2 scrolls of blinking
Potions
 e - a potion of curing
 f - a potion of heal wounds
 g - a potion of haste
 h - a potion of berserk rage


   Skills:
 O Level 27 Fighting
 O Level 27 Short Blades
 O Level 27 Long Blades
 O Level 27 Axes
 O Level 27 Maces & Flails
 O Level 27 Polearms
 O Level 27 Staves
 O Level 27 Ranged Weapons
 O Level 27 Throwing
 O Level 27 Armour
 O Level 27 Dodging
 O Level 27 Stealth
 O Level 27 Shields
 O Level 27 Unarmed Combat
 O Level 27 Spellcasting
 O Level 27 Invocations
 O Level 27 Evocations


You knew the following spells:

 Your Spells              Type           Power      Damage    Failure   Level
a - Blink                 Tloc           100%       N/A       0%          2
b - Lesser Beckoning      Tloc           100%       N/A       0%          2
c - Vhi's Electric Charg  Tloc/Air       100%       N/A       0%          3
d - Teleport Other        Tloc           91%        N/A       0%          3
e - Manifold Assault      Tloc           91%        N/A       0%          4
f - Shock                 Conj/Air       100%       1d9       0%          1
g - Call Imp              Summ           100%       N/A       0%          2
h - Call Canine Familiar  Summ           91%        N/A       0%          3
i - Mephitic Cloud        Conj/Pois/Air  91%        N/A       0%          3
j - Agony                 Necr           91%        N/A       0%          5
k - Borgnjor's Vile Clut  Necr/Erth      45%        N/A       0%          5
l - Starburst             Conj/Fire      45%        6d13      0%          6
m - Iron Shot             Conj/Erth      45%        9d9       0%          6
n - Simulacrum            Ice/Necr       45%        N/A       0%          6
o - Infestation           Necr           45%        N/A       1%          8
p - Discord               Hex            45%        N/A       1%          8
q - Shatter               Erth           45%        3d35*     2%          9
r - Chain Lightning       Conj/Air       45%        3d60      2%          9
Your spell library was empty.

Dungeon Overview and Level Annotations

Branches:
Dungeon (1/1)

Altars:
Makhleb

Annotations:
D The Servant


Innate Abilities, Weirdness & Mutations

You are immune to sickness and miasma.
You are immune to poison.
Your flesh is very heat resistant. (rF++)
You are vulnerable to cold. (rC-)
You float through the air rather than walking.
You learn spells naturally, not from books.
Your magical power is your life essence.
You have superior vitality. (+4 MHP)


Message History

You hear a shout! x2
The meat berserker hits you with a +9 battleaxe!
You hear a shout!
A bag of meat comes into view. It is wielding a +9 war axe. x4
You hear a shout!
The Servant hits you from afar with a +9 glaive of flaming!!!!
Ouch! That really hurt!
The Servant burns you!!
* * * LOW HITPOINT WARNING * * *
Your death scarab barely misses the bag of meat.
You hear a shout!
You hear a roar!
You slice the meat berserker!!
You butcher the meat berserker messily.
You kill the meat berserker!
Makhleb accepts your kill.
You hit the tyrant but do no damage.
You butcher the tyrant messily.
You destroy the tyrant!
Makhleb accepts your kill.
You feel better.
The large abomination disappears in a puff of smoke! x2
You slash something!
You dissect something like a pig carcass.
Makhleb accepts your kill.
You feel better.
You feel a bit more experienced.
A death scarab bursts from the tyrant!
A death scarab bursts from the meat berserker!
Your death scarab barely misses the bag of meat.
You hear a shout! x2
A large bag of meat comes into view. It is wielding a +9 giant spiked club.
Your death scarab bites the bag of meat.
Your death scarab drains the bag of meat's vigour!
The bag of meat seems to slow down.
Your death scarab draws strength from the bag of meat's injuries!
A bag of meat comes into view. It is wielding a +9 war axe.
The bag of meat barely misses your death scarab.
The bag of meat hits your death scarab with a +9 war axe!!
The bag of meat hits your death scarab with a +9 war axe!
A bag of meat comes into view. It is wielding a +9 war axe.
The Servant hits you from afar with a +9 glaive of flaming!!!!!
Ouch! That really hurt!
You die...

.. .. .. .. #.
.# #.. o.#
.###). oo###X
)..)..###@oBoo)
)..O..)@)oooWo)
)O..#..B)B#)zo§
. #_o<._# )
#.)o..#
..oo._.)...
....Oo###).....
.###.. o.###.
#.) .)# #.. ..#


You could see The Servant (infested, ally target), a sculptor of flesh, a large
bag of meat (wandering, inner flame), a large abomination (summoned), a dread, 2
meat berserkers, 15 bags of meat and 3 friendly death scarabs.

Vanquished Creatures
  2 hell beasts (D)
  A royal mummy (D)
  A wraith (D)
  15 vampire knights (D)
  33 ogres (D)
  2 two-headed ogres (D)
  2 liches (D)
  2 hydras (D)
  A phantom (D)
  34 orcs (D)
  6 skeletal warriors (D)
99 creatures vanquished.

Vanquished Creatures (collateral kills)
  4 orcs (D)
4 creatures vanquished.

Vanquished Creatures (others)
  An orc (D)
1 creature vanquished.

Grand Total: 104 creatures vanquished

Notes
Turn   | Place    | Note
-------+----------+-------------------------------------------
     0 | D        | Found the +∞ Axe of Woe
     0 | D        | Revguard the Djinni Warper began the quest for the Orb.
     0 | D        | Revguard set off with the following spells memorised:
                  | Blink, Lesser Beckoning, Vhi's Electric Charge, Teleport
                  | Other, Manifold Assault.
     0 | D        | Reached XP level 1. HP: 18/18 MP: 0/0
     3 | D        | Became a worshipper of Makhleb the Destroyer
     3 | D        | Noticed a meat berserker
     7 | D        | Killed a meat berserker
     7 | D        | Noticed a meat berserker
     7 | D        | Noticed a bag of meat
     8 | D        | Reached skill level 10 in Axes
     8 | D        | Reached skill level 10 in Spellcasting
     8 | D        | Reached XP level 2. HP: 39/39 MP: 0/0
     8 | D        | Reached XP level 3. HP: 44/44 MP: 0/0
     8 | D        | Learned a level 1 spell: Shock
     8 | D        | Reached XP level 4. HP: 50/50 MP: 0/0
     8 | D        | Reached XP level 5. HP: 56/56 MP: 0/0
     8 | D        | Learned a level 2 spell: Call Imp
     8 | D        | Reached XP level 6. HP: 62/62 MP: 0/0
     8 | D        | Reached XP level 7. HP: 67/67 MP: 0/0
     8 | D        | Learned a level 3 spell: Call Canine Familiar
     8 | D        | Reached XP level 8. HP: 74/74 MP: 0/0
     8 | D        | Reached XP level 9. HP: 79/79 MP: 0/0
     8 | D        | Learned a level 3 spell: Mephitic Cloud
     8 | D        | Reached XP level 10. HP: 85/85 MP: 0/0
     8 | D        | Reached XP level 11. HP: 90/90 MP: 0/0
     8 | D        | Learned a level 5 spell: Agony
     8 | D        | Reached XP level 12. HP: 96/96 MP: 0/0
     9 | D        | Killed a meat berserker
     9 | D        | Reached * piety under Makhleb
     9 | D        | Killed a bag of meat
     9 | D        | Noticed a meat berserker
    10 | D        | Reached skill level 15 in Fighting
    10 | D        | Reached skill level 15 in Armour
    10 | D        | Reached skill level 15 in Invocations
    10 | D        | Reached XP level 13. HP: 108/108 MP: 0/0
    10 | D        | Learned a level 5 spell: Borgnjor's Vile Clutch
    10 | D        | Reached XP level 14. HP: 114/114 MP: 0/0
    10 | D        | Killed a meat berserker
    11 | D        | Noticed a meat berserker
    12 | D        | Killed a meat berserker
    12 | D        | Reached ** piety under Makhleb
    13 | D        | Reached skill level 15 in Axes
    13 | D        | Reached XP level 15. HP: 125/125 MP: 0/0
    13 | D        | Learned a level 6 spell: Starburst
    17 | D        | Noticed a meat berserker
    18 | D        | Killed a meat berserker
    18 | D        | Noticed a meat berserker
    18 | D        | Noticed a meat berserker
    19 | D        | Killed a meat berserker
    19 | D        | Killed a meat berserker
    19 | D        | Reached *** piety under Makhleb
    20 | D        | Reached XP level 16. HP: 139/139 MP: 0/0
    20 | D        | Noticed a meat berserker
    21 | D        | Killed a meat berserker
    21 | D        | Noticed a meat berserker
    22 | D        | Reached XP level 17. HP: 142/146 MP: 0/0
    22 | D        | Learned a level 6 spell: Iron Shot
    22 | D        | Noticed a destroyer
    22 | D        | Killed a meat berserker
    22 | D        | Killed a destroyer
    22 | D        | Reached **** piety under Makhleb
    23 | D        | Reached XP level 18. HP: 157/157 MP: 0/0
    23 | D        | Noticed a destroyer
    23 | D        | Noticed a destroyer
    24 | D        | Killed a destroyer
    24 | D        | Killed a destroyer
    24 | D        | Reached ***** piety under Makhleb
    25 | D        | Reached XP level 19. HP: 167/167 MP: 0/0
    25 | D        | Learned a level 6 spell: Simulacrum
    26 | D        | Reached skill level 27 in Dodging
    26 | D        | Noticed a large bag of meat
    27 | D        | Killed a large bag of meat
    28 | D        | Noticed a meat berserker
    29 | D        | Killed a meat berserker
    29 | D        | Noticed a destroyer
    30 | D        | Killed a destroyer
    31 | D        | Reached skill level 27 in Fighting
    31 | D        | Reached skill level 27 in Armour
    31 | D        | Reached skill level 27 in Invocations
    31 | D        | Reached XP level 20. HP: 181/181 MP: 0/0
    31 | D        | Noticed a meat berserker
    33 | D        | Killed a meat berserker
    35 | D        | Reached ****** piety under Makhleb
    38 | D        | Noticed a meat berserker
    39 | D        | Killed a meat berserker
    40 | D        | Reached skill level 27 in Axes
    41 | D        | Reached XP level 21. HP: 187/187 MP: 0/0
    41 | D        | Learned a level 8 spell: Infestation
    41 | D        | Noticed a destroyer
    42 | D        | Killed a destroyer
    43 | D        | Reached skill level 27 in Spellcasting
    44 | D        | Noticed a meat berserker
    45 | D        | Noticed a meat berserker
    46 | D        | Killed a meat berserker
    46 | D        | Killed a meat berserker
    46 | D        | Noticed a meat berserker
    46 | D        | Noticed a destroyer
    47 | D        | Noticed a meat berserker
    47 | D        | Noticed a destroyer
    48 | D        | Noticed a meat berserker
    48 | D        | Killed a meat berserker
    48 | D        | Killed a meat berserker
    48 | D        | Killed a meat berserker
    49 | D        | Reached skill level 10 in Maces & Flails
    49 | D        | Reached skill level 10 in Polearms
    49 | D        | Reached skill level 10 in Ranged Weapons
    49 | D        | Reached skill level 10 in Throwing
    49 | D        | Reached XP level 22. HP: 194/194 MP: 0/0
    49 | D        | Killed a destroyer
    49 | D        | Noticed a meat berserker
    49 | D        | Noticed a meat berserker
    50 | D        | Noticed a meat berserker
    50 | D        | Noticed a meat berserker
    51 | D        | Noticed an accursed
    51 | D        | Killed a meat berserker
    51 | D        | Killed an accursed
    51 | D        | Killed a meat berserker
    51 | D        | Noticed a meat berserker
    51 | D        | Noticed an eight-headed meat hydra
    52 | D        | Reached skill level 15 in Short Blades
    52 | D        | Reached skill level 15 in Long Blades
    52 | D        | Reached skill level 15 in Staves
    52 | D        | Reached skill level 15 in Stealth
    52 | D        | Reached XP level 23. HP: 201/201 MP: 0/0
    52 | D        | Learned a level 8 spell: Discord
    52 | D        | Noticed a destroyer
    53 | D        | Noticed a destroyer
    53 | D        | Killed a destroyer
    53 | D        | Noticed a large bag of meat
    53 | D        | Noticed a destroyer
    54 | D        | Reached skill level 15 in Maces & Flails
    54 | D        | Reached skill level 15 in Polearms
    54 | D        | Reached skill level 15 in Ranged Weapons
    54 | D        | Reached skill level 15 in Throwing
    54 | D        | Reached XP level 24. HP: 54/208 MP: 0/0
    54 | D        | Noticed a tyrant
    55 | D        | Killed a tyrant
    55 | D        | Killed a large bag of meat
    56 | D        | Killed a destroyer
    57 | D        | Reached XP level 25. HP: 185/214 MP: 0/0
    57 | D        | Learned a level 9 spell: Shatter
    57 | D        | Killed a destroyer
    58 | D        | Noticed a tyrant
    59 | D        | Noticed a destroyer
    60 | D        | Killed a destroyer
    61 | D        | Reached XP level 26. HP: 221/221 MP: 0/0
    61 | D        | Noticed a dread
    62 | D        | Killed a destroyer
    62 | D        | Killed a dread
    64 | D        | Noticed a destroyer
    64 | D        | Noticed a destroyer
    65 | D        | Reached XP level 27. HP: 151/228 MP: 0/0
    65 | D        | Learned a level 9 spell: Chain Lightning
    65 | D        | Noticed a destroyer
    66 | D        | Noticed a meat beast
    66 | D        | Noticed a destroyer
    67 | D        | Noticed a meat beast
    67 | D        | Killed a destroyer
    69 | D        | Killed a meat beast
    69 | D        | Killed a destroyer
    70 | D        | Reached skill level 27 in Shields
    70 | D        | Reached skill level 27 in Unarmed Combat
    70 | D        | Reached skill level 27 in Evocations
    70 | D        | Noticed The Servant
    70 | D        | Killed a destroyer
    70 | D        | Killed a meat beast
    70 | D        | Noticed a dread
    71 | D        | Reached skill level 27 in Short Blades
    71 | D        | Reached skill level 27 in Long Blades
    71 | D        | Reached skill level 27 in Maces & Flails
    71 | D        | Reached skill level 27 in Polearms
    71 | D        | Reached skill level 27 in Staves
    71 | D        | Reached skill level 27 in Ranged Weapons
    71 | D        | Reached skill level 27 in Throwing
    71 | D        | Reached skill level 27 in Stealth
    71 | D        | Killed a destroyer
    73 | D        | Killed a tyrant
    73 | D        | Noticed a large bag of meat
    73 | D        | Annihilated by The Servant

Illustrated notes

Levels and vault maps discovered:
D:        meatsprint

Skill      XL: |  1  2  3  4  5  6  7  8  9 10 11 12 13 14 15 16 17 18 19 20 21 22 23 24 25 26 27 |
---------------+----------------------------------------------------------------------------------+-----
Fighting       | 12 15 17 20 21 22 24 27 | 27.0
Axes           | 10 13 15 17 19 21 24 27 | 27.0
Armour         | 12 15 17 20 21 22 24 27 | 27.0
Dodging        | 13 16 19 21 22 24 26 27 | 27.0
Spellcasting   | 10 12 14 16 18 19 22 26 27 | 27.0
Invocations    | 12 15 17 20 22 24 27 | 27.0
Short Blades   | 11 15 16 18 20 23 27 | 27.0
Long Blades    | 11 15 16 18 20 23 27 | 27.0
Maces & Flails | 10 14 15 17 19 21 27 | 27.0
Polearms       | 10 14 15 17 19 21 27 | 27.0
Staves         | 11 15 16 18 20 23 27 | 27.0
Ranged Weapons | 10 14 15 17 19 21 27 | 27.0
Throwing       | 10 14 15 17 19 21 27 | 27.0
Stealth        | 11 15 16 18 20 23 27 | 27.0
Shields        | 12 16 18 20 22 24 27 | 27.0
Unarmed Combat | 12 16 18 20 22 24 27 | 27.0
Evocations     | 12 16 18 20 22 24 27 | 27.0

Action                     |  1- 3 |  4- 6 |  7- 9 | 10-12 | 13-15 | 16-18 | 19-21 | 22-24 | 25-27 || total
---------------------------+-------+-------+-------+-------+-------+-------+-------+-------+-------++-------
  Melee: Executioner's axe |     1 |       |       |     2 |     5 |     6 |    18 |    18 |    42 ||    92
   Cast: Manifold Assault  |       |       |       |     1 |     3 |     3 |    11 |     5 |     9 ||    32
         Mephitic Cloud    |       |       |       |     1 |       |       |       |       |       ||     1
         Simulacrum        |       |       |       |       |       |       |     4 |     2 |       ||     6
         Starburst         |       |       |       |       |       |       |     1 |       |       ||     1
         Infestation       |       |       |       |       |       |       |       |       |     2 ||     2
 Armour: Leather armour    |       |       |       |       |       |       |       |       |     1 ||     1
  Dodge: Dodged            |       |       |       |       |       |       |       |       |     4 ||     4
